[ PARTIDA AOE2 · #461732635 ]
UnrankedDrávidas vs Mapuche
Equipo del jugador · VICT
Equipo rival · DERR
[ ANÁLISIS DE REPETICIÓN · EXTRAÍDO DE LA PARTIDA GRABADA ]
Feudal
12:08
Castillos
22:58
Imperial
48:39
| APM promedio | 29.6 |
| APM pico | 104 |
| eAPM promedio | 14.3 |
| Aldeanos / militares | 28 / 55 |
Foco
⚔️ 28.2% · 🌾 71.8%
Fire Galley ×27 · Unknown (1750) ×17 · Petard ×12 · Fishing Ship ×12 · Urumi Swordsman ×9 · Cannon Galleon ×3
Feudal
12:14
Castillos
27:51
Imperial
39:47
| APM promedio | 11.9 |
| APM pico | 53 |
| eAPM promedio | 9.5 |
| Aldeanos / militares | 56 / 177 |
Foco
⚔️ 42.6% · 🌾 57.4%
Bolas Rider ×79 · Fire Galley ×39 · Unknown (2550) ×28 · Unknown (2633) ×27 · Kona ×22 · Petard ×20
Mapa de la partida
Recursos iniciales + cada clic de construcción. Líneas = muros · curvas = relieve. ◆ oro · ⬟ piedra · ● bayas · ✦ reliquia · ◌ hueco del cierre
Tu base· ✓ Separados por el mapa
Base de esteban.araya.santander· ✓ Separados por el mapa
Terreno inicial suavizado · ◌ = hueco del cierre detectado · pasá el cursor para detalles
Inputs por minuto
— Kaiser Sose - - esteban.araya.santander
Build order — Kaiser Sose
Primeras 150 de 198 acciones detectadas
| 0:12 | Construir | House |
| 0:15 | Crear | Villager (Male) |
| 0:16 | Crear | Villager (Male) |
| 0:16 | Crear | Villager (Male) |
| 0:16 | Crear | Villager (Male) |
| 0:45 | Construir | House |
| 1:17 | Construir | House |
| 2:12 | Crear | Villager (Male) |
| 2:56 | Crear | Villager (Male) |
| 3:31 | Crear | Villager (Male) |
| 3:57 | Crear | Villager (Male) |
| 4:48 | Crear | Villager (Male) |
| 4:49 | Crear | Villager (Male) |
| 5:05 | Construir | Mill |
| 5:28 | Crear | Villager (Male) |
| 5:28 | Crear | Villager (Male) |
| 6:16 | Construir | Lumber Camp |
| 9:08 | Crear | Villager (Male) |
| 9:09 | Crear | Villager (Male) |
| 9:26 | Investigar | Feudal Age |
| 10:00 | Construir | Dock |
| 10:56 | Crear | Fishing Ship |
| 10:57 | Crear | Fishing Ship |
| 10:58 | Crear | Fishing Ship |
| 10:59 | Crear | Fishing Ship |
| 12:08 | Edad | Edad Feudal |
| 12:10 | Investigar | Double-Bit Axe |
| 12:16 | Investigar | Tech 906 |
| 12:18 | Crear | Fishing Ship |
| 12:19 | Crear | Fishing Ship |
| 12:54 | Construir | Mining Camp |
| 13:07 | Investigar | Wheelbarrow |
| 13:08 | Investigar | Town Watch |
| 13:09 | Investigar | Loom |
| 13:20 | Construir | Mining Camp |
| 13:30 | Crear | Villager (Male) |
| 13:31 | Crear | Villager (Male) |
| 13:31 | Crear | Villager (Male) |
| 13:32 | Crear | Villager (Male) |
| 15:25 | Crear | Fishing Ship |
| 15:25 | Crear | Fishing Ship |
| 15:25 | Crear | Fishing Ship |
| 15:26 | Crear | Fishing Ship |
| 16:21 | Investigar | Stone Mining |
| 16:22 | Investigar | Gold Mining |
| 16:38 | Construir | House |
| 16:53 | Construir | Watch Tower |
| 17:12 | Construir | House |
| 17:58 | Construir | Blacksmith |
| 18:19 | Construir | Watch Tower |
| 18:30 | Investigar | Fletching |
| 19:19 | Construir | Market |
| 19:49 | Construir | Watch Tower |
| 20:18 | Investigar | Castle Age |
| 22:48 | Construir | Watch Tower |
| 22:58 | Edad | Edad de los Castillos |
| 23:09 | Construir | University |
| 23:12 | Investigar | Bodkin Arrow |
| 23:41 | Investigar | Murder Holes |
| 23:42 | Investigar | Ballistics |
| 25:09 | Investigar | Gillnets |
| 26:47 | Construir | Castle |
| 27:44 | Investigar | Heated Shot |
| 27:46 | Investigar | Guard Tower (upgrade) |
| 28:11 | Crear | Petard |
| 28:12 | Crear | Petard |
| 28:13 | Crear | Petard |
| 28:13 | Crear | Petard |
| 28:55 | Construir | Mining Camp |
| 30:32 | Construir | Castle |
| 33:13 | Crear | Petard |
| 33:14 | Crear | Petard |
| 33:15 | Crear | Petard |
| 33:16 | Crear | Petard |
| 33:17 | Crear | Petard |
| 33:18 | Crear | Petard |
| 34:34 | Construir | Castle |
| 35:42 | Crear | Urumi Swordsman |
| 35:43 | Crear | Urumi Swordsman |
| 35:43 | Crear | Urumi Swordsman |
| 35:43 | Crear | Urumi Swordsman |
| 35:44 | Crear | Urumi Swordsman |
| 36:18 | Crear | Urumi Swordsman |
| 36:18 | Crear | Urumi Swordsman |
| 36:18 | Crear | Urumi Swordsman |
| 38:18 | Crear | Urumi Swordsman |
| 38:20 | Crear | Petard |
| 38:21 | Crear | Petard |
| 38:40 | Construir | Dock |
| 40:17 | Construir | Mining Camp |
| 42:08 | Construir | Dock |
| 42:44 | Investigar | Forging |
| 42:45 | Investigar | Scale Mail Armor |
| 43:48 | Construir | Dock |
| 45:29 | Investigar | Imperial Age |
| 48:00 | Construir | Lumber Camp |
| 48:39 | Edad | Edad Imperial |
| 48:50 | Crear | Unit 1750 |
| 48:52 | Crear | Unit 1750 |
| 48:53 | Crear | Unit 1750 |
| 48:54 | Crear | Unit 1750 |
| 49:21 | Investigar | Bracer |
| 50:33 | Crear | Unit 1750 |
| 52:26 | Investigar | Chemistry |
| 52:41 | Crear | Unit 1750 |
| 52:43 | Crear | Unit 1750 |
| 52:58 | Crear | Fire Galley |
| 52:59 | Crear | Fire Galley |
| 53:35 | Investigar | Tech 908 |
| 53:40 | Investigar | Careening |
| 53:56 | Investigar | Bow Saw |
| 54:31 | Crear | Villager (Male) |
| 54:32 | Crear | Villager (Male) |
| 54:32 | Crear | Villager (Male) |
| 54:32 | Crear | Villager (Male) |
| 54:33 | Crear | Villager (Male) |
| 54:33 | Crear | Villager (Male) |
| 55:01 | Crear | Cannon Galleon |
| 55:45 | Crear | Cannon Galleon |
| 55:49 | Crear | Cannon Galleon |
| 55:54 | Crear | Unit 1750 |
| 56:35 | Construir | Lumber Camp |
| 56:40 | Crear | Villager (Male) |
| 56:40 | Crear | Villager (Male) |
| 56:41 | Crear | Villager (Male) |
| 56:41 | Crear | Villager (Male) |
| 57:15 | Construir | Mining Camp |
| 57:30 | Construir | House |
| 57:36 | Construir | House |
| 58:20 | Crear | Fire Galley |
| 58:36 | Construir | House |
| 59:37 | Investigar | Elite Cannon Galleon (upgrade) |
| 60:01 | Investigar | Tech 905 |
| 61:08 | Investigar | Heavy Demolition Ship (upgrade) |
| 61:20 | Crear | Unit 1750 |
| 61:21 | Crear | Unit 1750 |
| 61:42 | Investigar | Tech 907 |
| 61:49 | Investigar | Dry Dock |
| 62:25 | Construir | Castle |
| 62:41 | Crear | Unit 1750 |
| 63:21 | Construir | Barracks |
| 64:16 | Investigar | Squires |
| 64:19 | Investigar | Pikeman (upgrade) |
| 64:33 | Construir | Stable |
| 65:47 | Construir | Mining Camp |
| 67:26 | Crear | Transport Ship |
| 67:28 | Crear | Transport Ship |
| 69:10 | Crear | Fishing Ship |
| 69:11 | Crear | Fishing Ship |
| 71:10 | Construir | Castle |
Build order — esteban.araya.santander
Primeras 150 de 399 acciones detectadas
| 0:11 | Construir | House |
| 0:12 | Construir | House |
| 0:24 | Crear | Villager (Male) |
| 0:24 | Crear | Villager (Male) |
| 0:24 | Crear | Villager (Male) |
| 0:25 | Crear | Villager (Male) |
| 0:25 | Crear | Villager (Male) |
| 0:25 | Crear | Villager (Male) |
| 1:51 | Crear | Villager (Male) |
| 2:20 | Crear | Villager (Male) |
| 3:02 | Construir | Settlement |
| 3:07 | Crear | Villager (Male) |
| 3:07 | Crear | Villager (Male) |
| 3:07 | Crear | Villager (Male) |
| 3:33 | Crear | Villager (Male) |
| 4:07 | Crear | Villager (Male) |
| 4:10 | Crear | Villager (Male) |
| 4:31 | Crear | Villager (Male) |
| 5:14 | Construir | Settlement |
| 5:34 | Crear | Villager (Male) |
| 6:00 | Crear | Villager (Male) |
| 6:29 | Crear | Villager (Male) |
| 6:30 | Crear | Villager (Male) |
| 6:39 | Crear | Villager (Male) |
| 7:07 | Crear | Villager (Male) |
| 7:07 | Crear | Villager (Male) |
| 8:05 | Crear | Villager (Male) |
| 8:05 | Crear | Villager (Male) |
| 8:08 | Crear | Villager (Male) |
| 8:47 | Construir | Farm |
| 8:48 | Construir | Farm |
| 8:50 | Construir | Farm |
| 8:51 | Construir | Farm |
| 8:53 | Construir | Farm |
| 8:55 | Construir | Farm |
| 8:59 | Construir | Farm |
| 9:37 | Crear | Villager (Male) |
| 10:04 | Investigar | Feudal Age |
| 10:35 | Construir | Farm |
| 10:41 | Construir | Farm |
| 10:43 | Construir | Farm |
| 10:46 | Construir | Farm |
| 10:48 | Construir | Farm |
| 10:52 | Construir | Farm |
| 11:32 | Construir | Settlement |
| 12:14 | Edad | Edad Feudal |
| 12:18 | Investigar | Wheelbarrow |
| 12:28 | Investigar | Double-Bit Axe |
| 12:32 | Investigar | Horse Collar |
| 12:41 | Investigar | Town Watch |
| 12:56 | Investigar | Gold Mining |
| 13:16 | Investigar | Stone Mining |
| 13:26 | Crear | Villager (Male) |
| 13:42 | Crear | Villager (Male) |
| 14:05 | Construir | Barracks |
| 14:30 | Construir | House |
| 14:31 | Construir | House |
| 14:34 | Construir | House |
| 14:36 | Construir | House |
| 14:45 | Crear | Villager (Male) |
| 14:46 | Crear | Villager (Male) |
| 14:46 | Crear | Villager (Male) |
| 15:01 | Construir | Farm |
| 15:02 | Construir | Farm |
| 15:04 | Construir | Farm |
| 15:06 | Construir | Farm |
| 15:47 | Crear | Villager (Male) |
| 15:48 | Crear | Villager (Male) |
| 15:48 | Crear | Villager (Male) |
| 15:49 | Crear | Villager (Male) |
| 15:53 | Crear | Villager (Male) |
| 17:40 | Construir | Blacksmith |
| 18:00 | Crear | Villager (Male) |
| 18:00 | Crear | Villager (Male) |
| 18:00 | Crear | Villager (Male) |
| 18:04 | Crear | Villager (Male) |
| 18:13 | Crear | Villager (Male) |
| 18:14 | Crear | Villager (Male) |
| 18:34 | Construir | Market |
| 18:40 | Investigar | Forging |
| 18:41 | Investigar | Scale Mail Armor |
| 19:07 | Construir | Settlement |
| 19:41 | Investigar | Tech 1402 |
| 19:43 | Crear | Unit 2550 |
| 19:44 | Crear | Unit 2550 |
| 19:44 | Crear | Unit 2550 |
| 19:44 | Crear | Unit 2550 |
| 19:45 | Crear | Unit 2550 |
| 19:45 | Crear | Unit 2550 |
| 19:45 | Crear | Unit 2550 |
| 19:46 | Crear | Unit 2550 |
| 19:46 | Crear | Unit 2550 |
| 19:46 | Crear | Unit 2550 |
| 19:46 | Crear | Unit 2550 |
| 19:47 | Crear | Unit 2550 |
| 19:47 | Crear | Unit 2550 |
| 19:47 | Crear | Unit 2550 |
| 19:48 | Crear | Unit 2550 |
| 20:07 | Construir | Settlement |
| 20:27 | Construir | Settlement |
| 21:01 | Construir | Dock |
| 22:39 | Crear | Galley |
| 22:41 | Crear | Galley |
| 22:41 | Crear | Galley |
| 25:11 | Investigar | Castle Age |
| 25:58 | Construir | Watch Tower |
| 27:51 | Edad | Edad de los Castillos |
| 27:54 | Investigar | Loom |
| 27:55 | Investigar | Hand Cart |
| 28:02 | Investigar | Bow Saw |
| 28:06 | Investigar | Heavy Plow |
| 28:10 | Investigar | Gold Shaft Mining |
| 28:24 | Construir | Castle |
| 28:47 | Investigar | War Galley (upgrade) |
| 29:38 | Construir | Castle |
| 29:52 | Investigar | Tech 1351 |
| 30:01 | Investigar | Town Patrol |
| 30:31 | Construir | Siege Workshop |
| 31:08 | Crear | Petard |
| 31:08 | Crear | Petard |
| 31:08 | Crear | Petard |
| 31:09 | Crear | Petard |
| 31:09 | Crear | Petard |
| 31:09 | Crear | Petard |
| 31:10 | Crear | Petard |
| 31:10 | Crear | Petard |
| 31:10 | Crear | Petard |
| 31:11 | Crear | Petard |
| 31:11 | Crear | Petard |
| 31:11 | Crear | Petard |
| 31:12 | Crear | Petard |
| 31:12 | Crear | Petard |
| 31:12 | Crear | Petard |
| 31:39 | Construir | Farm |
| 32:10 | Crear | Battering Ram |
| 32:10 | Crear | Battering Ram |
| 32:11 | Crear | Battering Ram |
| 32:11 | Crear | Battering Ram |
| 32:11 | Crear | Battering Ram |
| 32:12 | Crear | Battering Ram |
| 32:12 | Crear | Battering Ram |
| 32:12 | Crear | Battering Ram |
| 32:38 | Investigar | Stone Shaft Mining |
| 34:21 | Construir | Archery Range |
| 34:35 | Construir | University |
| 36:37 | Investigar | Imperial Age |
| 36:48 | Investigar | Ballistics |
| 37:43 | Crear | Kona |
| 37:43 | Crear | Kona |
| 37:43 | Crear | Kona |
Cronología de la partida
| 10:00 | Kaiser Sose · first_building Dock |
| 12:08 | Kaiser Sose · age_up feudal |
| 12:14 | esteban.araya.santander · age_up feudal |
| 14:05 | esteban.araya.santander · first_building Barracks |
| 21:01 | esteban.araya.santander · first_building Dock |
| 22:58 | Kaiser Sose · age_up castle |
| 26:47 | Kaiser Sose · first_building Castle |
| 27:51 | esteban.araya.santander · age_up castle |
| 28:24 | esteban.araya.santander · first_building Castle |
| 28:48 | Kaiser Sose · first_market_buy 100 wood |
| 29:26 | esteban.araya.santander · first_market_buy 100 stone |
| 30:12 | Kaiser Sose · first_market_sell 100 wood |
| 30:31 | esteban.araya.santander · first_building Siege Workshop |
| 34:21 | esteban.araya.santander · first_building Archery Range |
| 39:47 | esteban.araya.santander · age_up imperial |
| 48:39 | Kaiser Sose · age_up imperial |
| 63:21 | Kaiser Sose · first_building Barracks |
| 64:33 | Kaiser Sose · first_building Stable |
| 91:45 | esteban.araya.santander · first_market_sell 100 food |
| 93:58 | esteban.araya.santander · resign |
[ ANÁLISIS IA · 1 CRÉDITO ]
¿Qué pasó realmente en esta partida?
Wolo.gg analiza cada decisión: build order, eco, micro, errores típicos por bracket. Análisis personalizado por WhatsApp o Discord en 30 segundos.
Guía civ
Drávidas
Perfil
Kaiser Sose